General information
- name: BNet
- type: Ladder team game (AT/RT)
- host: Battle.net
- saver: HUMANKINGTOMVIP
map: Highperch
- players: 6
- length: 193:31
- speed: Fast
- version: 1.26 W3XP
- replay type: Public
» download(679 KB)
Players
team 1 (winner)
HUMANKINGTOMVIP (
yellow | 35 APM | 6715 actions | 193:31)
7 Archmage
3 Blizzard
3 Brilliance Aura
1 Mass Teleport
4 Goblin Tinker
2 Pocket Factory
2 Engineering Upgrade
» actions
| Assign group hotkey | 137 | |
| Basic commands | 302 | |
| Build / train | 159 | |
| ESC pressed | 16 | |
| Enter build submenu | 89 | |
| Enter hero's abilities submenu | 11 | |
| Give item / drop item | 53 | |
| Right click | 2344 | |
| Select / deselect | 1013 | |
| Select group hotkey | 1849 | |
| Use ability | 742 | |
6715 total
» units
| Peasant | 26 | |
| Mortar Team | 3 | |
| Siege Engine | 8 | |
| Dragonhawk Rider | 5 | |
42 total
» upgrades
| Masonry | 3 | |
| Gunpowder | 3 | |
| Magic Sentry | 1 | |
| Fragmentation Shards | 1 | |
| Barrage | 1 | |
| Plating | 2 | |
11 total
» buildings
| Lumber Mill | 2 | |
| Scout Tower | 64 | |
| Arcane Tower | 7 | |
| Altar of Kings | 2 | |
| Farm | 10 | |
| Guard Tower | 54 | |
| Town Hall | 1 | |
| Keep | 3 | |
| Blacksmith | 2 | |
| Arcane Sanctum | 1 | |
| Castle | 1 | |
| Workshop | 2 | |
| Arcane Vault | 2 | |
| Gryphon Aviary | 3 | |
154 total
» build order
00:13 Lumber Mill
00:44 Scout Tower
00:52 Scout Tower
01:11 Arcane Tower
01:19 Altar of Kings
01:34 Arcane Tower
01:42 Farm
02:05 Scout Tower
02:08 Scout Tower
02:14 Farm
02:35 Farm
02:47 Scout Tower
02:48 Guard Tower
02:51 Scout Tower
02:52 Guard Tower
03:14 Guard Tower
03:14 Guard Tower
03:16 Scout Tower
03:25 Guard Tower
03:25 Guard Tower
03:25 Guard Tower
03:28 Scout Tower
03:38 Scout Tower
03:44 Guard Tower
03:53 Scout Tower
03:56 Scout Tower
04:03 Guard Tower
04:06 Scout Tower
04:07 Guard Tower
04:08 Scout Tower
04:25 Guard Tower
04:25 Guard Tower
04:28 Scout Tower
04:28 Scout Tower
04:37 Guard Tower
04:54 Scout Tower
04:55 Scout Tower
05:23 Guard Tower
05:32 Scout Tower
05:33 Scout Tower
05:36 Guard Tower
05:36 Guard Tower
05:38 Scout Tower
05:38 Scout Tower
06:37 Town Hall
06:49 Guard Tower
06:49 Guard Tower
06:49 Guard Tower
06:54 Guard Tower
06:54 Guard Tower
07:21 Guard Tower
07:22 Scout Tower
07:23 Scout Tower
08:16 Keep
08:16 Keep
08:22 Scout Tower
08:23 Scout Tower
08:24 Scout Tower
08:45 Guard Tower
09:00 Guard Tower
09:01 Guard Tower
09:01 Guard Tower
09:05 Scout Tower
09:08 Scout Tower
09:41 Guard Tower
09:42 Scout Tower
09:43 Scout Tower
09:59 Guard Tower
10:02 Scout Tower
10:02 Scout Tower
10:04 Blacksmith
10:31 Guard Tower
10:46 Guard Tower
10:59 Arcane Sanctum
11:25 Castle
11:30 Workshop
11:30 Workshop
11:41 Guard Tower
11:42 Guard Tower
12:08 Scout Tower
12:10 Scout Tower
12:13 Farm
12:13 Farm
12:13 Farm
12:29 Scout Tower
12:30 Scout Tower
12:33 Arcane Vault
13:02 Guard Tower
13:33 Guard Tower
13:56 Guard Tower
14:07 Guard Tower
14:36 Guard Tower
15:07 Scout Tower
15:08 Scout Tower
15:48 Guard Tower
15:52 Scout Tower
15:52 Scout Tower
15:53 Scout Tower
15:54 Scout Tower
15:57 Scout Tower
15:58 Scout Tower
15:59 Guard Tower
16:13 Farm
16:13 Farm
16:13 Farm
16:14 Farm
16:18 Guard Tower
16:20 Scout Tower
16:20 Scout Tower
16:21 Scout Tower
16:22 Scout Tower
19:30 Arcane Vault
19:34 Gryphon Aviary
19:35 Gryphon Aviary
20:09 Gryphon Aviary
22:05 Guard Tower
22:06 Guard Tower
22:53 Lumber Mill
24:05 Scout Tower
24:09 Scout Tower
24:10 Scout Tower
25:00 Guard Tower
25:03 Scout Tower
25:04 Scout Tower
25:05 Scout Tower
25:41 Guard Tower
25:44 Scout Tower
25:44 Scout Tower
25:45 Scout Tower
26:37 Guard Tower
26:37 Guard Tower
26:43 Scout Tower
26:45 Scout Tower
27:24 Guard Tower
28:17 Scout Tower
28:19 Scout Tower
29:03 Arcane Tower
29:08 Scout Tower
29:09 Scout Tower
29:35 Arcane Tower
30:21 Arcane Tower
88:05 Altar of Kings
184:25 Keep
190:07 Scout Tower
190:34 Arcane Tower
192:46 Blacksmith
192:59 Arcane Tower
» items
| Boots of Speed | 1 | |
| Staff of Teleportation | 3 | |
| Healing Salve | 1 | |
| Tiny Great Hall | 1 | |
| Ivory Tower | 17 | |
| Lesser Clarity Potion | 1 | |
| Scroll of Regeneration | 1 | |
| Orb of Lightning | 1 | |
| Scroll of Town Portal | 1 | |
| Staff of Sanctuary | 1 | |
28 total

»
Waystokillyou (
orange | 28 APM | 4548 actions | 160:06)
6 Tauren Chieftain
2 War Stomp
3 Endurance Aura
1 Reincarnation
7 Blademaster
3 Wind Walk
3 Critical Strike
1 Bladestorm
» actions
| Assign group hotkey | 28 | |
| Basic commands | 9 | |
| Build / train | 85 | |
| ESC pressed | 1 | |
| Enter build submenu | 28 | |
| Enter hero's abilities submenu | 15 | |
| Give item / drop item | 4 | |
| Remove unit from queue | 3 | |
| Right click | 2839 | |
| Select / deselect | 739 | |
| Select group hotkey | 619 | |
| Use ability | 177 | |
4548 total
» units
| Peon | 13 | |
| Grunt | 4 | |
| Wind Rider | 12 | |
| Troll Batrider | 13 | |
42 total
» upgrades
| Ranged Weapons | 3 | |
| Armor | 3 | |
| Liquid Fire | 1 | |
| Envenomed Spears | 1 | |
8 total
» buildings
| Altar of Storms | 2 | |
| Orc Burrow | 12 | |
| Barracks | 1 | |
| Voodoo Lounge | 1 | |
| Stronghold | 2 | |
| War Mill | 2 | |
| Beastiary | 3 | |
| Great Hall | 3 | |
| Fortress | 1 | |
27 total
» build order
00:26 Altar of Storms
00:38 Orc Burrow
00:53 Barracks
01:15 Orc Burrow
01:57 Voodoo Lounge
03:15 Stronghold
03:48 War Mill
03:52 Orc Burrow
03:55 Orc Burrow
05:02 Orc Burrow
05:53 Beastiary
05:55 Beastiary
06:39 Great Hall
07:50 Fortress
08:54 Orc Burrow
09:56 Orc Burrow
10:55 Orc Burrow
12:28 Beastiary
29:08 Great Hall
29:12 Great Hall
34:02 Altar of Storms
34:03 Orc Burrow
34:06 Orc Burrow
34:22 Orc Burrow
34:25 Orc Burrow
39:29 War Mill
43:52 Stronghold
» items
| Healing Salve | 4 | |
| Lesser Clarity Potion | 2 | |
| Orb of Lightning | 1 | |
| Scroll of Town Portal | 3 | |
| Periapt of Vitality | 1 | |
| Boots of Speed | 1 | |
12 total
SUPREME. (
blue | 36 APM | 3662 actions | 103:02)
4 Priestess of the Moon
2 Trueshot Aura
2 Searing Arrows
» actions
| Assign group hotkey | 616 | |
| Basic commands | 50 | |
| Build / train | 61 | |
| ESC pressed | 8 | |
| Enter build submenu | 28 | |
| Enter hero's abilities submenu | 4 | |
| Right click | 2040 | |
| Select / deselect | 510 | |
| Select group hotkey | 264 | |
| Use ability | 81 | |
3662 total
» units
| Wisp | 21 | |
| Huntress | 2 | |
| Dryad | 15 | |
| Druid of the Claw | 7 | |
45 total
» upgrades
| Strength of the Wild | 3 | |
| Reinforced Hides | 3 | |
| Abolish Magic | 1 | |
| Druid of the Claw Training | 2 | |
9 total
» buildings
| Altar of Elders | 2 | |
| Moon Well | 9 | |
| Ancient of War | 1 | |
| Hunter's Hall | 1 | |
| Tree of Ages | 1 | |
| Ancient of Lore | 2 | |
| Ancient Protector | 3 | |
| Tree of Eternity | 1 | |
| Tree of Life | 2 | |
22 total
» build order
00:04 Altar of Elders
00:06 Moon Well
01:45 Ancient of War
01:52 Hunter's Hall
02:00 Moon Well
02:45 Moon Well
03:04 Tree of Ages
03:49 Moon Well
05:01 Moon Well
05:27 Ancient of Lore
05:32 Ancient of Lore
06:10 Ancient Protector
10:50 Tree of Eternity
17:56 Moon Well
18:40 Moon Well
21:29 Tree of Life
22:03 Ancient Protector
22:06 Ancient Protector
26:22 Moon Well
26:32 Moon Well
27:29 Altar of Elders
36:06 Tree of Life
team 2 (loser)

»
Trilha (
teal | 26 APM | 5050 actions | 193:30)
7 Archmage
3 Summon Water Elemental
3 Brilliance Aura
1 Mass Teleport
1 Mountain King
1 Storm Bolt
» actions
| Assign group hotkey | 112 | |
| Basic commands | 1012 | |
| Build / train | 135 | |
| ESC pressed | 1 | |
| Enter build submenu | 37 | |
| Enter hero's abilities submenu | 8 | |
| Give item / drop item | 4 | |
| Remove unit from queue | 5 | |
| Right click | 1158 | |
| Select / deselect | 1080 | |
| Select group hotkey | 1237 | |
| Use ability | 261 | |
5050 total
» units
| Peasant | 15 | |
| Footman | 6 | |
| Mortar Team | 22 | |
| Knight | 28 | |
| Flying Machine | 23 | |
94 total
» upgrades
| Defend | 1 | |
| Plating | 2 | |
| Animal War Training | 1 | |
| Fragmentation Shards | 1 | |
| Swords | 1 | |
| Flak Cannons | 1 | |
7 total
» buildings
| Altar of Kings | 2 | |
| Farm | 23 | |
| Barracks | 1 | |
| Scout Tower | 1 | |
| Arcane Tower | 1 | |
| Arcane Vault | 3 | |
| Keep | 1 | |
| Blacksmith | 1 | |
| Lumber Mill | 1 | |
| Castle | 1 | |
| Workshop | 2 | |
| Town Hall | 1 | |
38 total
» build order
00:07 Altar of Kings
00:20 Farm
00:37 Barracks
00:51 Scout Tower
01:32 Farm
01:55 Arcane Tower
02:06 Farm
02:25 Arcane Vault
02:50 Farm
03:31 Farm
03:58 Keep
04:17 Blacksmith
05:02 Lumber Mill
05:20 Farm
06:24 Farm
06:26 Castle
06:45 Workshop
07:06 Farm
07:57 Farm
08:42 Farm
09:22 Farm
10:02 Farm
10:42 Farm
10:46 Farm
19:26 Town Hall
27:24 Workshop
28:57 Farm
29:01 Farm
33:14 Farm
33:50 Farm
34:31 Farm
35:08 Farm
36:58 Farm
37:04 Arcane Vault
37:39 Arcane Vault
37:42 Farm
39:27 Farm
43:06 Altar of Kings
» items
| Scroll of Regeneration | 6 | |
| Lesser Clarity Potion | 4 | |
| Scroll of Town Portal | 1 | |
| Potion of Healing | 2 | |
| Potion of Invisibility | 1 | |
14 total

»
okking (
pink | 45 APM | 8719 actions | 193:30)
8 Death Knight
3 Death Coil
3 Unholy Aura
1 Animate Dead
1 Death Pact
5 Lich
3 Frost Nova
2 Frost Armor
1 Blood Mage
1 Siphon Mana
» actions
| Basic commands | 165 | |
| Build / train | 132 | |
| Enter build submenu | 15 | |
| Enter hero's abilities submenu | 15 | |
| Give item / drop item | 13 | |
| Remove unit from queue | 8 | |
| Right click | 5159 | |
| Select / deselect | 2851 | |
| Use ability | 361 | |
8719 total
» units
| Acolyte | 3 | |
| Ghoul | 6 | |
| Crypt Fiend | 21 | |
| Obsidian Statue | 5 | |
| Peasant | 3 | |
| Dragonhawk Rider | 6 | |
| Gryphon Rider | 8 | |
| Flying Machine | 5 | |
57 total
» upgrades
| Creature Attack | 2 | |
| Creature Carapace | 2 | |
| Web | 1 | |
| Swords | 3 | |
| Cloud | 1 | |
| Storm Hammers | 1 | |
| Armor | 1 | |
11 total
» buildings
| Crypt | 1 | |
| Ziggurat | 6 | |
| Altar of Darkness | 1 | |
| Tomb of Relics | 1 | |
| Graveyard | 1 | |
| Nerubian Tower | 6 | |
| Halls of the Dead | 1 | |
| Slaughterhouse | 1 | |
| Spirit Tower | 4 | |
| Black Citadel | 1 | |
| Gryphon Aviary | 2 | |
25 total
» build order
00:10 Crypt
00:16 Ziggurat
00:42 Altar of Darkness
01:13 Tomb of Relics
01:29 Graveyard
01:58 Ziggurat
02:07 Nerubian Tower
02:07 Nerubian Tower
04:04 Ziggurat
05:50 Halls of the Dead
06:28 Ziggurat
07:27 Ziggurat
08:59 Slaughterhouse
09:07 Ziggurat
11:00 Nerubian Tower
11:01 Nerubian Tower
11:01 Nerubian Tower
14:08 Spirit Tower
14:08 Spirit Tower
14:20 Spirit Tower
19:37 Black Citadel
21:48 Spirit Tower
47:28 Gryphon Aviary
48:55 Gryphon Aviary
» items
| Rod of Necromancy | 2 | |
| Sacrificial Skull | 2 | |
| Boots of Speed | 2 | |
| Potion of Healing | 1 | |
| Dust of Appearance | 1 | |
| Scroll of Town Portal | 3 | |
| Potion of Lesser Invulnerability | 1 | |
| Scroll of Regeneration | 1 | |
| Lesser Clarity Potion | 1 | |
14 total

»
Gwn (
purple | 40 APM | 1672 actions | 42:17)
4 Mountain King
2 Storm Bolt
2 Bash
1 Blood Mage
1 Flame Strike
» actions
| Assign group hotkey | 25 | |
| Basic commands | 163 | |
| Build / train | 169 | |
| ESC pressed | 1 | |
| Enter build submenu | 44 | |
| Enter hero's abilities submenu | 5 | |
| Remove unit from queue | 1 | |
| Right click | 438 | |
| Select / deselect | 491 | |
| Select group hotkey | 240 | |
| Use ability | 94 | |
1672 total
» units
| Peasant | 35 | |
| Footman | 2 | |
| Rifleman | 8 | |
| Mortar Team | 12 | |
| Priest | 10 | |
| Siege Engine | 10 | |
| Flying Machine | 28 | |
105 total
» upgrades
| Gunpowder | 3 | |
| Plating | 3 | |
| Masonry | 3 | |
| Lumber Harvesting | 2 | |
| Priest Training | 2 | |
| Flare | 1 | |
| Fragmentation Shards | 1 | |
| Barrage | 2 | |
| Long Rifles | 1 | |
| Armor | 1 | |
| Backpack | 1 | |
| Flak Cannons | 1 | |
| Flying Machine Bombs | 1 | |
22 total
» buildings
| Altar of Kings | 2 | |
| Barracks | 1 | |
| Farm | 13 | |
| Blacksmith | 1 | |
| Town Hall | 2 | |
| Scout Tower | 23 | |
| Lumber Mill | 1 | |
| Arcane Tower | 1 | |
| Guard Tower | 12 | |
| Keep | 8 | |
| Castle | 5 | |
| Workshop | 3 | |
| Arcane Sanctum | 2 | |
| Arcane Vault | 1 | |
75 total
» build order
00:23 Altar of Kings
00:45 Altar of Kings
00:49 Barracks
00:57 Farm
01:26 Farm
01:57 Farm
02:17 Farm
03:35 Blacksmith
04:16 Town Hall
04:26 Scout Tower
04:27 Scout Tower
04:30 Scout Tower
04:33 Scout Tower
04:36 Scout Tower
04:42 Lumber Mill
04:58 Farm
05:47 Arcane Tower
05:48 Guard Tower
05:51 Guard Tower
05:59 Guard Tower
05:59 Guard Tower
06:00 Guard Tower
06:20 Guard Tower
06:33 Keep
06:34 Keep
06:34 Keep
07:31 Farm
07:33 Farm
07:35 Farm
07:36 Farm
07:38 Farm
08:54 Castle
08:55 Castle
08:55 Castle
09:00 Workshop
09:02 Workshop
09:11 Workshop
09:14 Arcane Sanctum
09:21 Arcane Sanctum
11:23 Farm
11:26 Farm
11:27 Farm
16:13 Scout Tower
16:15 Scout Tower
16:17 Scout Tower
16:19 Scout Tower
16:22 Scout Tower
16:24 Scout Tower
16:26 Scout Tower
16:30 Scout Tower
16:32 Scout Tower
16:34 Scout Tower
16:37 Scout Tower
16:38 Scout Tower
16:39 Scout Tower
16:40 Scout Tower
16:41 Scout Tower
17:25 Scout Tower
17:27 Guard Tower
17:33 Guard Tower
17:36 Scout Tower
17:52 Guard Tower
18:08 Guard Tower
18:42 Guard Tower
23:18 Arcane Vault
25:23 Scout Tower
25:51 Keep
25:51 Keep
25:51 Keep
25:51 Keep
32:48 Town Hall
35:55 Castle
Chat log
(00:23 / Allies) SUPREME.: hey guys
(02:12 / Allies) Waystokillyou: are you towering..
(02:22 / Allies) Waystokillyou: oh god you are..
(02:30 / Allies) SUPREME.: lolzzzzzzzzzzzzzzzzzzzzzzzzzzzz
(03:23 / Allies) Waystokillyou: well since he is messing around
(03:25 / Allies) Waystokillyou: i am teching air
(03:28 / Allies) SUPREME.: lol
(03:32 / Allies) HUMANKINGTOMVIP: can i have a ltitle wood and gold to help
(03:33 / Allies) SUPREME.: T T
(03:54 / Allies) SUPREME.: uhm
(04:19 / Allies) HUMANKINGTOMVIP: jsut dont let them tear down the wall
(04:32 / Allies) SUPREME.: ive...never seen this before..
(04:39 / Allies) Waystokillyou: it prob wont work
(04:45 / Allies) SUPREME.: uh oh
(04:49 / Allies) HUMANKINGTOMVIP: its a flawless strategy if ur whole team knwos it
(04:49 / Allies) Waystokillyou: put farms in front it it ?
(05:11 / Allies) Waystokillyou: so it's...flawed?
(05:16 / Allies) SUPREME.: ^
(05:47 / Allies) HUMANKINGTOMVIP: any spare wood?
(05:54 / Allies) SUPREME.: no sory
(05:57 / Allies) SUPREME.: ill giv when ican
(06:19 / Allies) HUMANKINGTOMVIP: need a bit of res
(06:44 / Allies) HUMANKINGTOMVIP: they will get siege now
(06:46 / Allies) HUMANKINGTOMVIP: be ready to counter it
(07:03 / Allies) Waystokillyou: and so yellow
(07:07 / Allies) SUPREME.: ><
(07:08 / Allies) Waystokillyou: are you making units ?
(07:21 / Allies) SUPREME.: i think u shuld ?
(07:29 / Allies) Waystokillyou: i hope you do
(07:40 / Allies) SUPREME.: y r we doing this ?
(07:46 / Allies) SUPREME.: im
(07:48 / Allies) SUPREME.: cinfused
(07:59 / Allies) Waystokillyou: i dont see the point
(08:03 / Allies) Waystokillyou: he isnt making units
(08:43 / Allies) SUPREME.: uh oh
(09:28 / Allies) HUMANKINGTOMVIP: do u really think dryads counter morts?
(09:35 / Allies) Waystokillyou: hey yellow
(09:38 / Allies) Waystokillyou: no rhetoricals
(09:41 / Allies) SUPREME.: he has morts?
(09:42 / Allies) Waystokillyou: build some fucking units
(09:46 / Allies) SUPREME.: zzz
(10:27 / Allies) SUPREME.: yello idunno want counters morts
(10:31 / Allies) SUPREME.: im kinda new to ladder
(10:34 / Allies) Waystokillyou: a teammate with units
(10:41 / Allies) SUPREME.: i only play dota lol
(10:54 / Allies) HUMANKINGTOMVIP: wood pls
(10:58 / Allies) Waystokillyou: gold plz
(11:00 / Allies) SUPREME.: u gota lota gold
(11:05 / Allies) SUPREME.: yello
(11:08 / Allies) Waystokillyou: ty
(11:16 / Allies) HUMANKINGTOMVIP: u guys are both mining over 50 food
(11:20 / Allies) HUMANKINGTOMVIP: ur throwing money way to upkeep
(11:30 / Allies) Waystokillyou: because we are making units
(11:36 / Allies) SUPREME.: well idk wat to do now. u threw me off with this tower thing
(11:36 / Allies) Waystokillyou: for fighting
(11:37 / Allies) Waystokillyou: you know
(11:38 / Allies) SUPREME.: ive never seen
(11:39 / Allies) Waystokillyou: how this game is won
(11:46 / Allies) HUMANKINGTOMVIP: uve never been to highper.ch
(11:51 / Allies) HUMANKINGTOMVIP: the warcraft 3 highperching website?
(11:55 / Allies) SUPREME.: no
(12:00 / Allies) SUPREME.: im not..really a fan lik that
(12:00 / Allies) SUPREME.: ..
(12:05 / Allies) SUPREME.: i dota..
(12:24 / Allies) SUPREME.: this is a very
(12:28 / Allies) SUPREME.: unusual...
(12:30 / Allies) SUPREME.: strat??
(12:39 / Allies) Waystokillyou: im going to base nuke with bats
(12:50 / Allies) SUPREME.: think ive played lik 250 games and
(12:50 / Allies) HUMANKINGTOMVIP: they are gonan roll over my towers
(12:52 / Allies) HUMANKINGTOMVIP: with 300 food
(12:53 / Allies) SUPREME.: never seen this before
(13:04 / Allies) HUMANKINGTOMVIP: come defend
(13:05 / Allies) Waystokillyou: then make some fucking units yellow how about that
(13:25 / Allies) HUMANKINGTOMVIP: yeah go that way
(13:26 / Allies) HUMANKINGTOMVIP: ...
(13:54 / Allies) SUPREME.: yello i dont lik this
(15:00 / Allies) HUMANKINGTOMVIP: back you moron
(15:02 / Allies) HUMANKINGTOMVIP: back up to the towers
(15:02 / Allies) HUMANKINGTOMVIP: christ
(15:16 / Allies) SUPREME.: i dont lik this !
(15:30 / Allies) HUMANKINGTOMVIP: 6 hp rofl
(15:34 / Allies) SUPREME.: spare gold??
(15:55 / Allies) SUPREME.: yello gimmie gold
(16:01 / Allies) SUPREME.: ill give u som wood
(16:30 / Allies) HUMANKINGTOMVIP: yes some wood would be nice
(16:38 / Allies) SUPREME.: gimmie goldd
(16:40 / Allies) Waystokillyou: soem gold would be nice
(16:59 / Allies) HUMANKINGTOMVIP: this woudl be so much easier if you gusy just left
(17:11 / Allies) Waystokillyou: you never told us your strat smart ass
(17:12 / Allies) SUPREME.: >.>
(17:16 / Allies) SUPREME.: yellow i hate this
(17:18 / Allies) Waystokillyou: how are we supposed to follow this nonesense
(17:19 / Allies) SUPREME.: its confusing me
(17:22 / Allies) Waystokillyou: if you don't say a word
(17:25 / Allies) SUPREME.: ^
(17:26 / Allies) Waystokillyou: just start towering middle ?
(17:49 / Allies) SUPREME.: this suks
(17:53 / Allies) Waystokillyou: no yellow sucks
(18:00 / Allies) HUMANKINGTOMVIP: start tping up here
(18:03 / Allies) HUMANKINGTOMVIP: bring as much aa as u can make
(18:09 / Allies) HUMANKINGTOMVIP: we are going to escape to the sky fort
(18:13 / Allies) SUPREME.: ......
(18:22 / Allies) HUMANKINGTOMVIP: mass aa
(18:24 / Allies) HUMANKINGTOMVIP: and bring it up there
(18:31 / Allies) Waystokillyou: no
(18:42 / Allies) Waystokillyou: i dont have time to fuck around
(18:51 / Allies) Waystokillyou: while you make useless strats
(19:11 / All) Waystokillyou: yellow is leet
(19:51 / Allies) HUMANKINGTOMVIP: get as much army up there as u can
(19:59 / Allies) HUMANKINGTOMVIP: need anything ranged
(20:02 / Allies) HUMANKINGTOMVIP: they cant bring land up there
(20:14 / Allies) Waystokillyou: no
(20:28 / Allies) SUPREME.: u dick
(22:10 / Allies) HUMANKINGTOMVIP: they cant assail the sky fort
(22:13 / Allies) SUPREME.: .
(22:13 / Allies) HUMANKINGTOMVIP: get everything up here that u can
(22:20 / Allies) Waystokillyou: fuck your sky fort kid
(22:37 / Allies) SUPREME.: u wana expo that?
(22:40 / Allies) SUPREME.: ill f off if u want
(22:41 / Allies) Waystokillyou: go take it
(22:48 / Allies) SUPREME.: this is confusing the shit outsa me
(23:16 / Allies) SUPREME.: ..
(23:21 / Allies) SUPREME.: how r u doing that
(23:30 / Allies) SUPREME.: howd u get up there
(24:50 / Allies) Waystokillyou: get out
(24:52 / Allies) Waystokillyou: blue
(25:00 / Allies) SUPREME.: T T
(25:31 / Allies) SUPREME.: :O
(26:03 / Allies) Waystokillyou: build your alter somewhere safe
(26:05 / Allies) SUPREME.: kk
(27:21 / Allies) HUMANKINGTOMVIP: all those tanks and fiends will be useless against my sky sanctuary
(27:30 / Allies) SUPREME.: lol
(27:38 / Allies) SUPREME.: yellow howd u get up there?
(27:43 / Allies) Waystokillyou: tp i think
(27:47 / Allies) SUPREME.: :O
(27:48 / Allies) HUMANKINGTOMVIP: staff of teleportation
(27:49 / Allies) HUMANKINGTOMVIP: plus factory
(29:17 / Allies) HUMANKINGTOMVIP: tp to safety if they come for u
(30:29 / Allies) Waystokillyou: can you bring me a staff yellow ?
(30:33 / Allies) Waystokillyou: for my bm?
(30:37 / Allies) SUPREME.: wher u buy staff?
(31:24 / Allies) HUMANKINGTOMVIP: the only p roblem is theres about 10,000 gold for them
(31:28 / Allies) HUMANKINGTOMVIP: in that ine
(32:09 / Allies) HUMANKINGTOMVIP: careful gyros see invis
(32:29 / Allies) SUPREME.: :O
(32:39 / Allies) HUMANKINGTOMVIP: ive done this strartegy in AT before
(32:42 / Allies) HUMANKINGTOMVIP: and if your whoel team gets aa
(32:46 / Allies) HUMANKINGTOMVIP: u can beat even gthe best enemies
(32:47 / Allies) HUMANKINGTOMVIP: with this
(32:52 / Allies) SUPREME.: ><
(32:56 / Allies) Waystokillyou: you should have said something
(33:09 / All) HUMANKINGTOMVIP: why dont u guys finish us off
(33:13 / All) HUMANKINGTOMVIP: all we have is a single main hall
(33:29 / Allies) SUPREME.: they see us... here?
(33:31 / Allies) HUMANKINGTOMVIP: no
(33:34 / Allies) HUMANKINGTOMVIP: i dont thienk they know about it
(33:50 / All) okking: ha ha
(34:16 / Allies) SUPREME.: lolol
(34:31 / Allies) Waystokillyou: all you got is that potm?
(34:38 / Allies) SUPREME.: yes :(
(34:40 / Allies) Waystokillyou: or did you have naother hero blue ?
(34:47 / Allies) HUMANKINGTOMVIP: potm is good
(34:49 / Allies) HUMANKINGTOMVIP: aura is useful
(34:53 / Allies) SUPREME.: iwas geting kotf but they killed my base
(34:54 / Allies) SUPREME.: lol
(34:57 / Allies) SUPREME.: kotg
(35:05 / Allies) SUPREME.: and i have 1 wisp
(35:06 / Allies) SUPREME.: left
(35:11 / Allies) SUPREME.: its so lonely
(35:21 / Allies) HUMANKINGTOMVIP: u can build a tree of life up here
(35:24 / Allies) HUMANKINGTOMVIP: theres probably room
(35:25 / Allies) Waystokillyou: i so want to rush teals expo and WW
(35:29 / Allies) Waystokillyou: with wind riders to back up
(35:42 / Allies) SUPREME.: can u move
(35:43 / Allies) SUPREME.: ur
(35:44 / Allies) HUMANKINGTOMVIP: im gonna wait til my staff is cooled down
(35:45 / Allies) HUMANKINGTOMVIP: to attack
(36:00 / Allies) Waystokillyou: move
(36:03 / Allies) SUPREME.: lol
(36:07 / Allies) SUPREME.: ty
(36:12 / Allies) Waystokillyou: i want to hit this
(36:20 / Allies) Waystokillyou: bm is so fast
(36:20 / Allies) HUMANKINGTOMVIP: gyros there
(36:21 / Allies) Waystokillyou: on spee
(36:26 / Allies) HUMANKINGTOMVIP: uc an kill a gyro then run
(36:30 / Allies) HUMANKINGTOMVIP: risky tho
(36:36 / Allies) Waystokillyou: yah
(36:59 / Allies) HUMANKINGTOMVIP: get the peasants
(37:28 / Allies) Waystokillyou: hrmmm
(37:48 / Allies) HUMANKINGTOMVIP: lone peon
(37:55 / Allies) SUPREME.: lol
(38:44 / Allies) HUMANKINGTOMVIP: looks like theyre massing gyros
(38:47 / Allies) HUMANKINGTOMVIP: that wont help vs the tanks tho
(38:48 / Allies) Waystokillyou: thats good
(39:39 / Allies) Waystokillyou: im going to make last armor upgrade for wind riders :P
(39:43 / All) HUMANKINGTOMVIP: so its all up to the human
(39:47 / All) HUMANKINGTOMVIP: to conquer mount invincible
(40:24 / Allies) HUMANKINGTOMVIP: how come they dont kill this
(40:30 / Allies) Waystokillyou: idk
(40:34 / Allies) Waystokillyou: we lost all of our bases
(40:35 / Allies) SUPREME.: lol
(40:36 / Allies) HUMANKINGTOMVIP: they must know about our mountain
(40:42 / Allies) SUPREME.: :O
(40:43 / Allies) Waystokillyou: and they were still mining gold :P
(40:49 / Allies) Waystokillyou: well i keep coming back to it lol
(40:50 / Allies) HUMANKINGTOMVIP: they would need like 12 hawks to cloud plus mass wyrms to kill us
(41:05 / Allies) Waystokillyou: not enough gold for that i think
(41:13 / All) HUMANKINGTOMVIP: those tanks look really useful
(41:14 / Allies) SUPREME.: omg
(41:20 / Allies) SUPREME.: :O
(41:38 / Allies) Waystokillyou: they are coming!!
(41:57 / Allies) SUPREME.: lol
(42:19 / All) HUMANKINGTOMVIP: LOL
(42:21 / Allies) SUPREME.: lol
(42:21 / All) Waystokillyou: muahahah
(42:23 / Allies) SUPREME.: haha
(42:24 / All) HUMANKINGTOMVIP: SKY FORTRESS RULES ALL
(42:57 / Allies) Waystokillyou: care yellow
(43:10 / Allies) Waystokillyou: yellow they will be upon you
(43:35 / Allies) HUMANKINGTOMVIP: careful they might bring gyros
(43:58 / Allies) HUMANKINGTOMVIP: see this
(44:00 / Allies) HUMANKINGTOMVIP: thats how u get up and down
(44:07 / Allies) SUPREME.: :O
(44:09 / Allies) HUMANKINGTOMVIP: staff to the factory
(44:11 / Allies) HUMANKINGTOMVIP: then repeat
(44:16 / Allies) Waystokillyou: each step ?
(44:23 / Allies) HUMANKINGTOMVIP: u can do it in 2 steps
(44:28 / Allies) HUMANKINGTOMVIP: on a certain part
(44:34 / Allies) SUPREME.: :o
(44:37 / Allies) SUPREME.: thatds
(44:39 / Allies) SUPREME.: crazy ..
(44:44 / Allies) SUPREME.: howd u learn this
(44:50 / Allies) HUMANKINGTOMVIP: there was a clan called clan towa
(44:55 / Allies) HUMANKINGTOMVIP: that only did zany strats liek this
(44:58 / Allies) HUMANKINGTOMVIP: this was their main one
(45:05 / Allies) SUPREME.: :o
(45:08 / Allies) SUPREME.: interesting
(45:12 / Allies) Waystokillyou: i once lost a 4v4 AT to 4 panda brewmasters
(45:13 / Allies) HUMANKINGTOMVIP: kill it its alone
(45:19 / Allies) HUMANKINGTOMVIP: if u do 3 pandas on this map
(45:23 / Allies) HUMANKINGTOMVIP: and get moonwelsl behind the towers
(45:27 / Allies) HUMANKINGTOMVIP: they cant even kill the tower wall
(46:09 / Allies) Waystokillyou: im getting that peasant
(46:17 / Allies) SUPREME.: lol
(46:59 / Allies) SUPREME.: i think
(47:09 / Allies) SUPREME.: they went afk ?
(47:12 / Allies) HUMANKINGTOMVIP: kill archmage
(47:17 / Allies) SUPREME.: or not
(47:44 / Allies) SUPREME.: lol
(47:46 / Allies) SUPREME.: im stuck here
(47:48 / Allies) SUPREME.: !!!!
(48:07 / All) HUMANKINGTOMVIP: u can see youre slowly being worn down
(48:11 / All) HUMANKINGTOMVIP: the orc has 2500 gold too
(48:17 / All) HUMANKINGTOMVIP: he could rebuild his hero if u got luck yand killed it
(48:44 / Allies) HUMANKINGTOMVIP: coil nova
(49:00 / Allies) SUPREME.: i still have a dryad
(49:01 / Allies) SUPREME.: :O
(49:01 / Allies) Waystokillyou: i didnt get bladestorm :( at lvl 6
(49:10 / Allies) HUMANKINGTOMVIP: tome of retraining 300 gold
(49:11 / Allies) HUMANKINGTOMVIP: or get level 7
(49:16 / Allies) Waystokillyou: ah right
(49:18 / Allies) HUMANKINGTOMVIP: dont get bolted and coil novad
(50:07 / Allies) HUMANKINGTOMVIP: lol
(50:22 / Allies) Waystokillyou: cheese it
(50:28 / Allies) HUMANKINGTOMVIP: they will gyro u
(51:03 / Allies) SUPREME.: y r they still here?!
(51:04 / Allies) HUMANKINGTOMVIP: hes finalyl getting hawks
(51:09 / Allies) HUMANKINGTOMVIP: they are gonna try to cloud or ensnare
(51:19 / Allies) Waystokillyou: how much gold do you think he has
(51:24 / Allies) Waystokillyou: prob enough
(51:27 / Allies) HUMANKINGTOMVIP: well he mined 10k
(51:29 / Allies) HUMANKINGTOMVIP: but he was over 50 food
(51:35 / Allies) HUMANKINGTOMVIP: and he has a ton of useless tanks and mortars
(51:42 / Allies) Waystokillyou: thats true
(51:45 / Allies) HUMANKINGTOMVIP: he probably has enough for liek 20 hawks
(51:56 / Allies) HUMANKINGTOMVIP: the human actually left
(51:58 / Allies) HUMANKINGTOMVIP: someone else is controlling
(52:14 / Allies) Waystokillyou: i wont kill
(52:18 / Allies) Waystokillyou: it just takes his food up
(52:24 / Allies) HUMANKINGTOMVIP: good pint
(53:42 / Allies) HUMANKINGTOMVIP: he has a gyro with thim
(53:47 / Allies) Waystokillyou: im out
(53:49 / Allies) Waystokillyou: figured he woul
(54:00 / Allies) HUMANKINGTOMVIP: caref
(54:03 / Allies) HUMANKINGTOMVIP: he haws mass hawk
(55:12 / Allies) HUMANKINGTOMVIP: all the gold is ogne now
(55:17 / Allies) HUMANKINGTOMVIP: now we just have to wiat for them to slip up and attack
(56:12 / Allies) Waystokillyou: i need 1 more win for my 750 icon with random
(56:16 / Allies) HUMANKINGTOMVIP: keep ur air right over the towers
(56:18 / Allies) SUPREME.: lol niceeee
(56:20 / Allies) HUMANKINGTOMVIP: so he doesnt come from the back
(56:30 / Allies) SUPREME.: this wuld b an awsum win for ur 750
(56:35 / Allies) Waystokillyou: yah i know
(56:37 / Allies) SUPREME.: lolol
(56:38 / Allies) Waystokillyou: !
(56:44 / Allies) Waystokillyou: people still play dota?
(56:45 / Allies) SUPREME.: i have lik...8 more till 150 :o
(56:48 / Allies) SUPREME.: yea lol
(56:51 / Allies) Waystokillyou: i thought everyone moved to LOl
(57:04 / Allies) SUPREME.: yea but i tried HoN and LoL abnd its really gay
(57:11 / Allies) HUMANKINGTOMVIP: lol
(57:15 / Allies) HUMANKINGTOMVIP: 2 guyros down
(57:15 / Allies) Waystokillyou: when you get into it
(57:18 / Allies) Waystokillyou: LOL is a ton of fun
(57:22 / Allies) Waystokillyou: and a gryph
(57:24 / Allies) SUPREME.: lol
(57:57 / Allies) HUMANKINGTOMVIP: risky
(58:04 / Allies) HUMANKINGTOMVIP: GOP
(58:05 / Allies) HUMANKINGTOMVIP: FIGHT
(58:19 / Allies) Waystokillyou: b
(58:29 / Allies) HUMANKINGTOMVIP: SHIT
(58:40 / Allies) Waystokillyou: hard to see with those damn hills
(58:47 / Allies) HUMANKINGTOMVIP: he got all my hawks
(58:47 / Allies) Waystokillyou: how many did you lose ?
(58:51 / Allies) HUMANKINGTOMVIP: 4
(58:51 / Allies) Waystokillyou: shit
(59:03 / Allies) HUMANKINGTOMVIP: he has liek 10 hawks
(59:07 / Allies) HUMANKINGTOMVIP: keep ur air tucked away now
(59:33 / Allies) Waystokillyou: tanks to front ?
(59:43 / Allies) Waystokillyou: nm
(59:45 / Allies) Waystokillyou: it is good as it is
(59:46 / Allies) HUMANKINGTOMVIP: tanks are pretty slow at kililng him
(59:48 / Allies) HUMANKINGTOMVIP: he has to come in deep
(59:50 / Allies) HUMANKINGTOMVIP: for them to work well
(60:38 / Allies) Waystokillyou: that is a lot
(60:43 / Allies) SUPREME.: ^
(60:54 / Allies) Waystokillyou: but it will take him a long time to kill the tanks
(61:07 / Allies) Waystokillyou: and my bm can take a unit out semi fast
(61:35 / All) HUMANKINGTOMVIP: too bad you didnt get the vampire
(61:37 / All) HUMANKINGTOMVIP: :)
(61:48 / Allies) Waystokillyou: what is that ?
(61:48 / Allies) SUPREME.: lol
(61:50 / Allies) SUPREME.: ns
(61:52 / Allies) HUMANKINGTOMVIP: the hero with sleep
(61:52 / Allies) SUPREME.: dl
(61:56 / Allies) SUPREME.: dreadlord
(61:57 / Allies) SUPREME.: lol
(61:58 / Allies) Waystokillyou: ud
(62:03 / Allies) SUPREME.: lol i said night stalker
(62:04 / Allies) SUPREME.: xD
(62:15 / Allies) HUMANKINGTOMVIP: kill the tank for xp
(62:16 / Allies) Waystokillyou: guys
(62:23 / Allies) Waystokillyou: we put out dog do sleep today
(62:29 / Allies) SUPREME.: ahw..
(62:30 / Allies) Waystokillyou: he had a brain tumor
(62:32 / Allies) Waystokillyou: or cancer
(62:33 / Allies) HUMANKINGTOMVIP: that sux
(62:33 / Allies) Waystokillyou: we arent sure
(62:34 / Allies) SUPREME.: :(
(62:36 / Allies) Waystokillyou: yeah
(62:37 / Allies) Waystokillyou: awful
(62:42 / Allies) Waystokillyou: had him 11 years, named Chico
(62:53 / Allies) Waystokillyou: his head swelled up so much so quickly :(
(63:00 / Allies) SUPREME.: wow
(63:01 / Allies) SUPREME.: :(
(63:02 / Allies) Waystokillyou: terrible thing
(63:10 / Allies) SUPREME.: i love doggies T T
(63:11 / Allies) HUMANKINGTOMVIP: ive had pet mice die of cancer
(63:13 / Allies) HUMANKINGTOMVIP: but not a dog
(63:16 / Allies) SUPREME.: ..
(63:22 / Allies) SUPREME.: mice?
(63:24 / Allies) SUPREME.: ew
(63:25 / Allies) SUPREME.: :o
(63:26 / Allies) Waystokillyou: hehe
(63:28 / Allies) HUMANKINGTOMVIP: i used to keep pet mice
(63:29 / Allies) SUPREME.: lol
(63:32 / Allies) SUPREME.: !!!!!!!!
(63:36 / Allies) Waystokillyou: my girlfriend had a pet rat
(63:39 / Allies) SUPREME.: i have baby turtles :)
(63:40 / Allies) SUPREME.: EWWWWWw
(63:41 / Allies) SUPREME.: LOL
(63:46 / Allies) Waystokillyou: she said it was one of the most intelligent animals she's seen
(63:54 / Allies) HUMANKINGTOMVIP: rats are pretty smart
(63:57 / Allies) SUPREME.: >.> a rat.
(63:59 / Allies) Waystokillyou: it would ride her shoulder everywhere
(64:01 / Allies) SUPREME.: was it big
(64:02 / Allies) SUPREME.: ?
(64:03 / Allies) HUMANKINGTOMVIP: they like people better than mice do
(64:03 / Allies) SUPREME.: ewwyy
(64:13 / Allies) SUPREME.: do they bite?!
(64:18 / Allies) SUPREME.: :(
(64:19 / Allies) Waystokillyou: not if they are trained
(64:22 / Allies) HUMANKINGTOMVIP: mouse bites dont hurt
(64:27 / Allies) SUPREME.: :o
(64:28 / Allies) HUMANKINGTOMVIP: they cant break the skin
(64:32 / Allies) SUPREME.: oh
(64:35 / Allies) SUPREME.: but..rats can ?
(64:37 / Allies) Waystokillyou: mice don't understand the concept of liking do they?
(64:38 / Allies) HUMANKINGTOMVIP: maybe
(64:39 / Allies) Waystokillyou: like rats do
(64:47 / Allies) SUPREME.: rats r dirtier?
(64:49 / Allies) HUMANKINGTOMVIP: i think for mice eerything is just too scary
(64:50 / Allies) SUPREME.: :o
(64:56 / Allies) HUMANKINGTOMVIP: a rat is larger so it doesnt have to be as afraid
(65:02 / Allies) SUPREME.: >.<
(65:04 / Allies) SUPREME.: ew
(65:08 / Allies) Waystokillyou: small brains ><
(65:11 / Allies) SUPREME.: lol
(65:17 / All) SUPREME.: NOOOOOOOOO
(65:20 / All) SUPREME.: NOT MY 1 DRYAD
(65:29 / All) SUPREME.: :(
(65:32 / All) SUPREME.: was a spy
(66:07 / Allies) SUPREME.: NOOOO NOT MY WISP
(66:17 / Allies) HUMANKINGTOMVIP: uproot ur tree and move it up
(66:18 / Allies) HUMANKINGTOMVIP: so its safer
(67:18 / Allies) SUPREME.: lol fuking tree !
(67:23 / Allies) HUMANKINGTOMVIP: gj
(67:25 / All) Waystokillyou: ATTACK REPULSED!
(67:34 / Allies) HUMANKINGTOMVIP: he doesnt have enough hawks now
(67:35 / Allies) HUMANKINGTOMVIP: to catch u
(67:38 / Allies) HUMANKINGTOMVIP: they will have to go defense
(67:39 / Allies) HUMANKINGTOMVIP: with web
(67:43 / All) okking: ha ha
(67:51 / All) SUPREME.: do u lik this ?
(68:02 / Allies) Waystokillyou: your potm leved up
(68:05 / Allies) SUPREME.: yessssssss
(68:06 / Allies) SUPREME.: :)
(68:11 / Allies) HUMANKINGTOMVIP: got bladestorm for bm too
(68:12 / Allies) SUPREME.: :O
(68:15 / Allies) Waystokillyou: yep
(68:22 / Allies) SUPREME.: look at my tree
(68:26 / Allies) SUPREME.: it fits in small places
(69:03 / Allies) HUMANKINGTOMVIP: kill it its alone
(69:27 / Allies) Waystokillyou: he will bring friends
(69:37 / Allies) HUMANKINGTOMVIP: ya prolyl too late now
(69:47 / Allies) HUMANKINGTOMVIP: b
(69:54 / Allies) Waystokillyou: whew
(69:54 / Allies) HUMANKINGTOMVIP: good thing no gyro was with
(70:01 / Allies) SUPREME.: lol
(70:25 / Allies) SUPREME.: lolz
(70:38 / Allies) HUMANKINGTOMVIP: the lich
(71:01 / Allies) HUMANKINGTOMVIP: b
(71:08 / Allies) HUMANKINGTOMVIP: lol nice
(71:09 / Allies) Waystokillyou: killed his hero
(71:10 / Allies) HUMANKINGTOMVIP: that lich is gone for good
(71:15 / Allies) Waystokillyou: yep
(71:22 / Allies) Waystokillyou: lost a wyvn i think though
(71:24 / Allies) Waystokillyou: but good trade
(72:06 / Allies) SUPREME.: wat map is this ?
(72:09 / Allies) HUMANKINGTOMVIP: high perch
(72:10 / Allies) SUPREME.: or name of it
(72:15 / Allies) SUPREME.: o
(72:17 / Allies) HUMANKINGTOMVIP: if you go to http://highper.ch
(72:20 / Allies) HUMANKINGTOMVIP: u can see a guide
(72:22 / Allies) HUMANKINGTOMVIP: on doing this
(72:25 / Allies) SUPREME.: :O
(72:55 / Allies) Waystokillyou: my mom is baking something downstairs -_-
(72:57 / Allies) Waystokillyou: i want to go see
(72:59 / Allies) SUPREME.: lol
(73:00 / Allies) SUPREME.: haha
(73:07 / Allies) SUPREME.: can u move ur
(73:11 / Allies) SUPREME.: tank?
(73:19 / Allies) SUPREME.: my kitty kat wants to get out
(73:22 / Allies) SUPREME.: ty
(73:23 / Allies) SUPREME.: lol
(73:33 / Allies) SUPREME.: yess !
(73:38 / Allies) HUMANKINGTOMVIP: if you kill all his gyros
(73:41 / Allies) HUMANKINGTOMVIP: he cant see you again
(73:48 / Allies) HUMANKINGTOMVIP: he has 3 left
(74:13 / Allies) HUMANKINGTOMVIP: beware of web
(75:19 / Allies) HUMANKINGTOMVIP: carful
(75:20 / Allies) HUMANKINGTOMVIP: coil and bolt
(75:31 / Allies) HUMANKINGTOMVIP: share control and ill get u out of htere
(75:36 / Allies) HUMANKINGTOMVIP: nvm u gotit
(75:40 / Allies) Waystokillyou: whew
(75:42 / Allies) Waystokillyou: so close
(75:43 / Allies) HUMANKINGTOMVIP: if u bladestorm u are magic immune
(75:45 / Allies) HUMANKINGTOMVIP: and then u can staff
(75:46 / Allies) HUMANKINGTOMVIP: at the same time
(75:51 / Allies) Waystokillyou: oh right
(75:58 / Allies) Waystokillyou: im going to share control
(76:05 / Allies) SUPREME.: lol
(76:05 / Allies) Waystokillyou: dont get me killed
(76:07 / Allies) HUMANKINGTOMVIP: k
(76:16 / Allies) Waystokillyou: im going to go a fk
(76:33 / Allies) Waystokillyou: i was hoping they would all laeve by now
(76:41 / Allies) SUPREME.: sammw...
(77:09 / Allies) HUMANKINGTOMVIP: he still has a hawk
(77:10 / Allies) HUMANKINGTOMVIP: and web
(77:43 / Allies) Waystokillyou: if my bm was there we could have had his am
(78:22 / Allies) HUMANKINGTOMVIP: i gave u a staff elf
(78:24 / Allies) HUMANKINGTOMVIP: but beware
(78:30 / Allies) SUPREME.: o!!
(78:38 / Allies) HUMANKINGTOMVIP: u can staff down here
(78:41 / Allies) HUMANKINGTOMVIP: but stay hidden in a corner
(78:44 / Allies) HUMANKINGTOMVIP: until ur staff is cooled down
(78:48 / Allies) SUPREME.: :O
(79:46 / Allies) HUMANKINGTOMVIP: lol
(79:54 / Allies) SUPREME.: LOL
(79:57 / Allies) SUPREME.: rofl
(80:05 / Allies) SUPREME.: oh no!
(80:08 / Allies) SUPREME.: hes mad
(81:30 / Allies) HUMANKINGTOMVIP: 1 gyro maybe left?
(81:35 / Allies) SUPREME.: 1
(81:36 / Allies) SUPREME.: yea
(81:40 / Allies) HUMANKINGTOMVIP: lookout
(81:41 / Allies) SUPREME.: 2
(81:47 / Allies) HUMANKINGTOMVIP: if the bm helps
(81:50 / Allies) HUMANKINGTOMVIP: u might be bale to get the mk
(81:51 / Allies) HUMANKINGTOMVIP: risky rtho
(81:57 / Allies) HUMANKINGTOMVIP: dotn starff utnil after he bolts
(82:00 / Allies) HUMANKINGTOMVIP: wait for him to bolt first
(82:01 / Allies) SUPREME.: yea
(82:02 / Allies) HUMANKINGTOMVIP: thens taff away
(82:10 / Allies) HUMANKINGTOMVIP: yikes nvm
(82:11 / Allies) HUMANKINGTOMVIP: lol
(82:15 / Allies) SUPREME.: FUCK
(82:20 / Allies) SUPREME.: USE
(82:21 / Allies) SUPREME.: LOL
(82:30 / Allies) SUPREME.: OMG
(82:41 / Allies) SUPREME.: noooo my kitty
(82:42 / Allies) HUMANKINGTOMVIP: im glad u didnt accidentally cancel the staff
(82:43 / Allies) HUMANKINGTOMVIP: lol
(82:46 / Allies) SUPREME.: lol!!!!!
(82:50 / Allies) HUMANKINGTOMVIP: usually that happens when 2 ppl control
(83:03 / Allies) SUPREME.: grr im mad my kat diwed !
(83:04 / Allies) SUPREME.: lol
(84:11 / Allies) HUMANKINGTOMVIP: whoa ur tc is level 6
(84:16 / Allies) HUMANKINGTOMVIP: too bad he cant come down and help
(84:20 / Allies) SUPREME.: lol
(84:24 / Allies) SUPREME.: he left?
(84:31 / Allies) HUMANKINGTOMVIP: use wyvs
(84:33 / Allies) SUPREME.: oh noo
(85:02 / Allies) HUMANKINGTOMVIP: b
(85:14 / Allies) SUPREME.: i really
(85:19 / Allies) SUPREME.: dont kno how to play orc at all
(85:20 / Allies) Waystokillyou: back
(85:25 / Allies) SUPREME.: so idk if he can kill me or not
(85:26 / Allies) SUPREME.: lol
(85:28 / Allies) HUMANKINGTOMVIP: careful ur staff is on cd
(85:34 / Allies) Waystokillyou: kk
(85:40 / Allies) SUPREME.: i think they have 1 gyro left
(85:48 / Allies) HUMANKINGTOMVIP: 2
(85:54 / Allies) SUPREME.: o damn
(86:16 / Allies) Waystokillyou: they dont have enough air to assault us up here
(86:23 / Allies) Waystokillyou: so we basically won i think
(86:27 / Allies) SUPREME.: OMG
(86:29 / Allies) SUPREME.: DONT DIE
(86:37 / Allies) HUMANKINGTOMVIP: SHIT
(86:39 / Allies) SUPREME.: ><
(86:55 / Allies) SUPREME.: LOL
(86:59 / Allies) SUPREME.: i got 109 g left
(87:00 / Allies) Waystokillyou: aw
(87:25 / All) Waystokillyou: are both of you still there?
(87:27 / Allies) HUMANKINGTOMVIP: ya
(87:30 / Allies) HUMANKINGTOMVIP: hmm
(87:31 / Allies) Waystokillyou: to them
(87:35 / Allies) HUMANKINGTOMVIP: mayeb i should try to get my archmage back
(87:39 / Allies) HUMANKINGTOMVIP: if i sold enoug items
(87:41 / Allies) Waystokillyou: how ?
(87:41 / Allies) HUMANKINGTOMVIP: and killd my tanks
(87:44 / Allies) Waystokillyou: i give you 200
(88:04 / Allies) SUPREME.: i got 109 g
(88:09 / Allies) HUMANKINGTOMVIP: can i have it?
(88:09 / Allies) HUMANKINGTOMVIP: thx
(88:18 / Allies) Waystokillyou: a lvl 6 hero is expensive!!
(88:20 / Allies) Waystokillyou: like 500
(88:37 / Allies) Waystokillyou: i can sell 2 items and give you 300
(88:46 / Allies) SUPREME.: u get money for
(88:48 / Allies) SUPREME.: attking ur
(88:50 / Allies) HUMANKINGTOMVIP: get hte gyro
(88:51 / Allies) SUPREME.: tanks??
(88:54 / Allies) HUMANKINGTOMVIP: no i have to kill them
(88:58 / Allies) SUPREME.: y?
(88:58 / Allies) HUMANKINGTOMVIP: so i dont hav eot build a ton of farms
(89:02 / Allies) SUPREME.: oo
(89:17 / Allies) HUMANKINGTOMVIP: damn hero is 380- gold
(89:20 / Allies) HUMANKINGTOMVIP: i only have 223
(89:21 / Allies) SUPREME.: lolol
(89:26 / Allies) HUMANKINGTOMVIP: lol
(89:45 / Allies) HUMANKINGTOMVIP: care
(89:46 / Allies) SUPREME.: ;lol
(89:48 / Allies) HUMANKINGTOMVIP: gj
(90:11 / Allies) SUPREME.: ur tinker shuld sell his ring and gauntlet
(90:18 / Allies) HUMANKINGTOMVIP: i have to get down to the shop to sell
(90:27 / Allies) Waystokillyou: is that enough
(90:28 / Allies) Waystokillyou: yellow ?
(90:29 / Allies) HUMANKINGTOMVIP: thx
(90:30 / Allies) HUMANKINGTOMVIP: ya
(90:44 / Allies) SUPREME.: tptptptptp
(90:45 / Allies) Waystokillyou: you fucker
(90:46 / Allies) Waystokillyou: STOP
(90:49 / Allies) Waystokillyou: god
(90:51 / Allies) Waystokillyou: dont cnotrol
(90:52 / Allies) Waystokillyou: me
(90:53 / Allies) Waystokillyou: when i am moving
(90:54 / Allies) SUPREME.: i didnt touch u ..
(90:55 / All) okking: ha ha
(90:59 / All) Trilha: ..
(91:02 / All) Waystokillyou: yellow was controlling me when i was running
(91:06 / Allies) HUMANKINGTOMVIP: time for plan b
(91:14 / Allies) SUPREME.: ..
(91:14 / All) Waystokillyou: smooth teammate, real smooth
(91:22 / Allies) SUPREME.: ???
(91:25 / Allies) SUPREME.: wats plan b
(91:26 / Allies) Waystokillyou: hehe so gay
(91:30 / Allies) HUMANKINGTOMVIP: i have to remove all contingencies
(91:31 / Allies) Waystokillyou: kill everything
(91:44 / Allies) SUPREME.: ><
(91:57 / Allies) SUPREME.: LOL
(92:04 / Allies) Waystokillyou: im going afk gl
(92:14 / Allies) HUMANKINGTOMVIP: im still going to try to win
(92:16 / Allies) SUPREME.: oh man
(92:18 / Allies) HUMANKINGTOMVIP: but i get bsed
(92:20 / Allies) HUMANKINGTOMVIP: when i do this strat
(92:21 / Allies) HUMANKINGTOMVIP: a lot
(92:29 / Allies) HUMANKINGTOMVIP: it might come down to an afk war
(92:35 / Allies) SUPREME.: .,....
(92:36 / Allies) SUPREME.: lol
(92:38 / Allies) SUPREME.: noooooo!
(92:45 / Allies) HUMANKINGTOMVIP: the funyn thing is
(92:49 / Allies) HUMANKINGTOMVIP: they could mass teleport up
(92:52 / Allies) HUMANKINGTOMVIP: if they could afford a tinker
(92:56 / Allies) HUMANKINGTOMVIP: or a garg or something
(93:00 / Allies) HUMANKINGTOMVIP: he has a ton of tnaks
(93:08 / Allies) SUPREME.: lol
(93:18 / Allies) SUPREME.: they cannot think that far
(94:14 / Allies) HUMANKINGTOMVIP: i wish he was out of air
(94:17 / Allies) HUMANKINGTOMVIP: eh still has a gryph and a hawk
(94:26 / Allies) SUPREME.: lol
(94:39 / Allies) SUPREME.: this is ridiculous !!!!!
(94:52 / Allies) HUMANKINGTOMVIP: one time kodos_forsaken played on this map
(94:56 / Allies) HUMANKINGTOMVIP: and the game was 5 hours long
(95:00 / Allies) SUPREME.: ..
(95:00 / Allies) HUMANKINGTOMVIP: of continuous action
(95:07 / Allies) HUMANKINGTOMVIP: there have been a lot longer games on this map
(95:11 / Allies) HUMANKINGTOMVIP: when you include afk wars
(95:13 / Allies) SUPREME.: he did this too ?
(95:19 / Allies) HUMANKINGTOMVIP: his enemy did this
(95:23 / Allies) SUPREME.: lol
(95:26 / Allies) SUPREME.: kodo lose?
(95:29 / Allies) HUMANKINGTOMVIP: yea
(95:32 / Allies) SUPREME.: haha
(95:38 / Allies) SUPREME.: kodo is a mass gamer. hes not even good
(96:11 / Allies) SUPREME.: lol i heard hes a fat greasy looking nerd
(96:18 / Allies) HUMANKINGTOMVIP: lol could be
(96:35 / Allies) SUPREME.: siom1 saw him at blizzcon or w/e it is
(96:36 / Allies) SUPREME.: lolz
(97:22 / Allies) HUMANKINGTOMVIP: these guys are determined
(97:32 / Allies) SUPREME.: unfortunately..
(97:33 / Allies) HUMANKINGTOMVIP: if they got a staff of tp on the mountain king it would make my life a lot harder
(97:40 / Allies) SUPREME.: lol
(97:50 / Allies) SUPREME.: can they win ?
(97:56 / Allies) HUMANKINGTOMVIP: if they got my heros yea
(98:00 / Allies) HUMANKINGTOMVIP: they coudl just shoot a tower oncde with the gryph
(98:02 / Allies) HUMANKINGTOMVIP: then runa nd heal
(98:03 / Allies) HUMANKINGTOMVIP: over and over
(98:12 / Allies) SUPREME.: nooooooo
(98:20 / Allies) SUPREME.: i cnt lose this
(98:39 / Allies) SUPREME.: cd on staff rdy ??
(99:11 / Allies) HUMANKINGTOMVIP: shit he just levelled up
(99:17 / Allies) SUPREME.: ><
(99:27 / Allies) SUPREME.: lol
(99:28 / Allies) SUPREME.: LOL
(99:32 / Allies) HUMANKINGTOMVIP: :s
(99:33 / Allies) SUPREME.: HALF UR HP
(99:40 / Allies) HUMANKINGTOMVIP: giood thing i have boots of speed
(99:41 / Allies) HUMANKINGTOMVIP: and he sold his
(99:44 / Allies) SUPREME.: lol
(100:58 / Allies) HUMANKINGTOMVIP: lol
(101:01 / Allies) SUPREME.: lolllllllllll
(101:09 / All) HUMANKINGTOMVIP: come on you guys cant beat me?
(101:12 / All) HUMANKINGTOMVIP: im at 12 food
(101:59 / Allies) HUMANKINGTOMVIP: i should have gone like 4 tanks
(102:01 / Allies) HUMANKINGTOMVIP: and mass hawks
(102:04 / Allies) SUPREME.: lol
(102:35 / Allies) SUPREME.: sorry
(102:36 / Allies) SUPREME.: dude
(102:42 / Allies) SUPREME.: my clans getting fuking flooded
(102:43 / Allies) SUPREME.: by ggl
(102:47 / Allies) SUPREME.: fuking fags
(102:49 / Allies) SUPREME.: i gota go
(102:52 / Allies) HUMANKINGTOMVIP: lol k later
(102:56 / Allies) SUPREME.: gl
(102:58 / Allies) SUPREME.: cya
(103:00 / All) SUPREME.: gg guys
(103:18 / All) HUMANKINGTOMVIP: whats the longest you guys have played
(103:25 / All) HUMANKINGTOMVIP: for me it was 48 hours
(103:28 / All) HUMANKINGTOMVIP: in an afk war
(103:32 / All) HUMANKINGTOMVIP: back durin the building hack days
(105:46 / All) HUMANKINGTOMVIP: lol
(109:08 / All) HUMANKINGTOMVIP: clear out some of these trees
(109:10 / All) HUMANKINGTOMVIP: with that flamestriek
(115:18 / All) okking: ha ha
(116:05 / All) HUMANKINGTOMVIP: looks like weve got ourselves a stale mate
(132:54 / All) HUMANKINGTOMVIP: hows the weatehr down there
(144:32 / All) HUMANKINGTOMVIP: LOL
(144:57 / All) HUMANKINGTOMVIP: things arent looking good for you, bud!!
(150:00 / All) HUMANKINGTOMVIP: u should just kill it yourself
(150:05 / All) HUMANKINGTOMVIP: to deny me the satisfaction
(150:08 / All) HUMANKINGTOMVIP: :]
(152:04 / All) HUMANKINGTOMVIP: LOL
(153:01 / Allies) Waystokillyou: oh god you guys are still here
(153:06 / Allies) HUMANKINGTOMVIP: i killed his birds
(153:11 / Allies) HUMANKINGTOMVIP: all he has is a couple buildings
(153:12 / Allies) HUMANKINGTOMVIP: and his heros
(153:17 / Allies) HUMANKINGTOMVIP: he went afk and i got some of his stuff
(153:23 / Allies) Waystokillyou: you shouldn't have killed my bm
(153:32 / Allies) HUMANKINGTOMVIP: yeah that was a mistake
(153:52 / Allies) Waystokillyou: my wyvs would have finish this game
(153:56 / Allies) HUMANKINGTOMVIP: what happened to those
(153:56 / Allies) Waystokillyou: by killing his buildings
(153:58 / Allies) HUMANKINGTOMVIP: oh yeah i killd
(153:59 / Allies) HUMANKINGTOMVIP: lol
(154:01 / Allies) Waystokillyou: you killed them jackass
(154:20 / Allies) HUMANKINGTOMVIP: death knight aura is so rigged
(154:22 / Allies) HUMANKINGTOMVIP: it heals mechanical
(154:36 / All) HUMANKINGTOMVIP: u cant see me
(154:53 / Allies) HUMANKINGTOMVIP: well now he cant attack
(154:56 / Allies) HUMANKINGTOMVIP: even if i go afk for 20 years
(172:49 / All) HUMANKINGTOMVIP: lol
(174:53 / All) HUMANKINGTOMVIP: lol
(177:20 / All) HUMANKINGTOMVIP: 652
(179:01 / All) HUMANKINGTOMVIP: 577
(179:14 / All) HUMANKINGTOMVIP: lol!
(179:29 / All) HUMANKINGTOMVIP: 452
(186:07 / All) HUMANKINGTOMVIP: say something
(189:06 / All) HUMANKINGTOMVIP: 35
(189:07 / All) HUMANKINGTOMVIP: 352
(191:02 / All) HUMANKINGTOMVIP: 177
(191:03 / All) HUMANKINGTOMVIP: :)
(192:31 / All) HUMANKINGTOMVIP: 2 hit points
(192:32 / All) HUMANKINGTOMVIP: :)